 Dungeon Crawl Stone Soup version 0.22-a0-362-g535178c (webtiles) character file.

139 4thArraOfDagon the Firebug (level 5, -3/31 HPs)
             Began as an Octopode Fire Elementalist on Apr 20, 2018.
             Was a Believer of Elyvilon.
             Slain by Grinder (11 damage)
             ... on level 3 of the Dungeon.
             The game lasted 00:06:03 (2610 turns).

4thArraOfDagon the Firebug (OpFE)                   Turns: 2610, Time: 00:06:04

Health: -3/31      AC:  3    Str:  7    XL:     5   Next: 22%
Magic:  1/9        EV: 13    Int: 24    God:    Elyvilon [**....]
Gold:   123        SH:  0    Dex: 12    Spells: 1/9 levels left

rFire    . . .     SeeInvis .   n - +2 short sword (speed)
rCold    . . .     Gourm    .   (no shield)
rNeg     . . .     Faith    .   i - +2 hat
rPois    .         Spirit   .   m - amulet of inaccuracy (curse)
rElec    .         Reflect  .   (no ring)
rCorr    .         Harm     .   (no ring)
MR       .....                  (no ring)
Stlth    +++.......             (no ring)
HPRegen  0.10/turn              (no ring)
MPRegen  0.11/turn              (no ring)
                                (no ring)
                                (no ring)

@: brilliant, very slightly contaminated
A: almost no armour, stealthy swim, amphibious, 8 rings, constrict 8, camouflage
1, gelatinous body 1
a: Lesser Healing, Heal Other, Divine Protection, Renounce Religion


You were on level 3 of the Dungeon.
You worshipped Elyvilon.
Elyvilon was pleased with you.
You were not hungry.

You visited 1 branch of the dungeon, and saw 3 of its levels.

You collected 123 gold pieces.

Inventory:

Hand Weapons
 n - a +2 short sword of speed (weapon)
Missiles
 g - 8 poisoned javelins (quivered)
Armour
 i - a +2 hat (worn)
Jewellery
 m - a cursed amulet of inaccuracy (around mantle)
Scrolls
 a - 2 scrolls of enchant weapon {unknown}
 c - 2 scrolls of random uselessness {unknown}
 d - 2 scrolls of identify {unknown}
 f - a scroll of teleportation {unknown}
 k - 2 scrolls of noise {unknown}
 l - a scroll of immolation {unknown}
 o - a scroll of magic mapping {unknown}
 p - a scroll of enchant armour {unknown}
 r - 2 scrolls of amnesia {unknown}
Potions
 e - a potion of agility
 j - a potion of haste {unknown}
 q - 2 potions of curing
Comestibles
 b - 10 rations


   Skills:
 - Level 2.0 Dodging
 - Level 2.6 Stealth
 + Level 2.7 Spellcasting
 * Level 2.8 Conjurations
 * Level 4.1 Fire Magic
 + Level 1.3 Invocations


You had one spell level left.
You knew the following spells:

 Your Spells              Type           Power        Failure   Level  Hunger
a - Flame Tongue          Conj/Fire      ####.        1%          1    None
b - Conjure Flame         Conj/Fire      ####....     1%          3    ###....
c - Sticky Flame          Conj/Fire      ####....     3%          4    ####...


Dungeon Overview and Level Annotations

Branches:
Dungeon (3/15)

Altars:
Elyvilon
Okawaru

Annotations:
D:3 Grinder


Innate Abilities, Weirdness & Mutations

You cannot wear most types of armour.
You are very stealthy in the water. (Stealth+)
You are amphibious.
You can wear up to eight rings at the same time.
You can use your tentacles to constrict eight enemies at once.
Your skin changes colour to match your surroundings (Stealth+).
Your rubbery body absorbs attacks. (AC +1, EV +1)


Message History

Press: ? - help, Shift-Dir - straight line, f/p - Grinder
Aim: Grinder (lightly wounded, constricted by you)
You miscast Sticky Flame.
Sparks fly from your tentacles!
You constrict Grinder. Grinder hits you.
You writhe in agony.
* * * LOW HITPOINT WARNING * * *
Unknown command.
Unknown command.
You release your grip on Grinder.
Unknown command.
Unknown command.
Unknown command.
It was a potion of brilliance.
You feel clever all of a sudden. Grinder hits you!
Elyvilon protects you from harm!
You writhe in agony.
* * * LOW HITPOINT WARNING * * *
Unknown command.
It was a potion of curing.
You feel better. Grinder hits you!
You die...

########## ####
#........# ...##
#.######.####### ....##
#.# #)......# .....#
#.######5#####.#
.....###..##....@..# #
............#.#.##.##.#
....###......##.......#
...## ##........##.####
..## ##.########.# ###
#.# #.# #.# #.# #+##
#.# ##...## #.#


You could see Grinder.

Vanquished Creatures
  Terence (D:2)
  3 adders
  2 oozes
  2 worms (D:2)
  2 dart slugs (D:1)
  2 leopard geckos
  An orc (D:3)
  9 bats
  6 giant cockroaches
  7 goblins
  7 hobgoblins
  4 jackals (D:3)
  11 kobolds
  3 frilled lizards
  12 rats
72 creatures vanquished.

Notes
Turn   | Place    | Note
-------+----------+-------------------------------------------
     0 | D:1      | 4thArraOfDagon the Octopode Fire Elementalist began the quest for the Orb.
     0 | D:1      | Reached XP level 1. HP: 11/11 MP: 3/3
   100 | D:1      | Reached XP level 2. HP: 17/17 MP: 1/5
   186 | D:2      | Found a white marble altar of Elyvilon.
   194 | D:2      | Became a worshipper of Elyvilon the Healer
   247 | D:2      | Reached XP level 3. HP: 21/21 MP: 4/6
   252 | D:2      | Learned a level 3 spell: Conjure Flame
   276 | D:2      | Noticed Terence
   375 | D:2      | Killed Terence
   458 | D:2      | Reached XP level 4. HP: 7/27 MP: 1/7
   700 | D:2      | :)
   711 | D:2      | Reached skill level 1 in Invocations
  1009 | D:1      | Reached * piety under Elyvilon
  1809 | D:3      | Reached ** piety under Elyvilon
  1819 | D:3      | Noticed Grinder
  1841 | D:3      | Learned a level 4 spell: Sticky Flame
  1895 | D:3      | Reached skill level 4 in Fire Magic
  2166 | D:3      | Reached XP level 5. HP: 29/31 MP: 5/8
  2379 | D:3      | Found a faded altar of an unknown god.
  2418 | D:3      | Found an iron altar of Okawaru.
  2609 | D:3      | Elyvilon protects you from harm!
  2609 | D:3      | HP: 1/31 [Grinder (5)]
  2610 | D:3      | Slain by Grinder

Vault maps used:
D:1:      dpeg_arrival_prison
D:2:      elyvilon_altar_3, minivault_24, grunt_ministairs_1, uniq_terence
D:3:      chequers_ecumenical_altar_simple_redux, first_ration, okawaru_trees_1,
          uniq_grinder

Skill      XL: |  1  2  3  4 |
---------------+-------------+-----
Conjurations   | 2 |  2.8
Invocations    | 1 |  1.3
Fire Magic     | 4 |  4.1
Dodging        | |  2.0
Stealth        | |  2.6
Spellcasting   | |  2.7

Action                   |  1- 3 |  4- 6 || total
-------------------------+-------+-------++-------
Melee: Short sword       |    14 |    92 ||   106
       Constrict         |     5 |    20 ||    25
       Flail             |     2 |    12 ||    14
       Tentacles         |     2 |    11 ||    13
 Fire: Hunting sling     |    19 |       ||    19
 Cast: Flame Tongue      |    19 |    17 ||    36
       Conjure Flame     |     2 |       ||     2
  Use: Potion            |     1 |     2 ||     3
 Stab: Sleeping          |     1 |    13 ||    14
  Eat: Chunk             |       |     6 ||     6
Armor: Skin              |     2 |    12 ||    14
Dodge: Dodged            |    17 |    57 ||    74

Table legend:
 A = Spawn XP
 B = Non-spawn XP
 C = Spawn XP percentage of total XP
 D = Spawn monster count
 E = Non-spawn monster count
 F = Spawn count percentage of total count
 G = Total turns spent on level
                    A         B        C        D         E        F      G
               +---------+---------+-------+---------+---------+-------+---------
         Total |       0 |     199 |   0.0 |       0 |      72 |   0.0 |  2610
               +---------+---------+-------+---------+---------+-------+---------
           D:1 |       0 |      40 |   0.0 |       0 |      23 |   0.0 |   890
           D:2 |       0 |      90 |   0.0 |       0 |      24 |   0.0 |   915
           D:3 |       0 |      69 |   0.0 |       0 |      25 |   0.0 |   805
               +---------+---------+-------+---------+---------+-------+---------
